 Dungeon Crawl Stone Soup version 0.31-a0-692-gf03d1854d5 (webtiles) character file.

Game seed: 2147285914931649352

11254 GordonOverkill the Bludgeoner (level 11, -1/111 HPs)
             Began as an Ogre Delver on Sept 7, 2023.
             Was an Elder of Okawaru.
             Constricted to death by a tentacled monstrosity (6 damage)
             ... on level 1 of the Abyss.
             The game lasted 00:19:25 (8066 turns).

GordonOverkill the Bludgeoner (Ogre Delver)         Turns: 8066, Time: 00:19:25

Health: -1/111     AC:  8    Str: 22    XL:     11   Next: 74%
Magic:  17/18      EV: 13    Int: 11    God:    Okawaru [****..]
Gold:   451        SH:  0    Dex: 10    Spells: 10/10 levels left

rFire   + . .        v - +0 giant spiked club (flame)
rCold   . . .        (shield currently unavailable)
rNeg    . . .        w - +2 robe {rF+}
rPois   .            (helmet restricted)
rElec   .            x - +2 cloak
rCorr   .            (gloves unavailable)
SInv    .            (boots unavailable)
Will    +....        e - amulet of regeneration
Stlth   ++++         h - +5 ring of evasion
HPRegen 1.18/turn    (no ring)
MPRegen 0.16/turn

%: no passive effects
@: heroic, constricted, studying Invocations
A: large, unfitting armour, tough skin 1
a: Renounce Religion, Heroism, Finesse


You were on level 1 of the Abyss.
You worshipped Okawaru.
Okawaru was greatly pleased with you.
You visited 2 branches of the dungeon, and saw 9 of its levels.
You visited the Abyss 1 time.
You also visited: Bailey.

You collected 531 gold pieces.
You spent 80 gold pieces at shops.

Inventory:

Hand Weapons
 v - a +0 giant spiked club of flaming (weapon)
Missiles
 u - 2 curare-tipped darts (quivered)
 A - a throwing net
Armour
 g - a +0 kite shield
 w - a +2 robe of fire resistance (worn)
 x - a +2 cloak (worn)
Jewellery
 e - an amulet of regeneration (around neck)
 h - a +5 ring of evasion (left hand)
Wands
 n - a wand of mindburst (7)
 y - a wand of flame (5)
Scrolls
 c - 4 scrolls of fog
 k - 5 scrolls of teleportation
 m - 2 scrolls of blinking
 p - 4 scrolls of fear
 z - 2 scrolls of immolation
 C - a scroll of amnesia
Potions
 a - a potion of haste
 b - 3 potions of brilliance {unknown}
 d - a potion of magic
 f - a potion of heal wounds
 i - 5 potions of curing
 j - a potion of attraction
 l - a potion of resistance {unknown}
 o - 3 potions of ambrosia
 q - a potion of might
 r - a potion of lignification {unknown}
 s - 3 potions of cancellation {unknown}
 t - a potion of invisibility {unknown}
 B - a potion of mutation {unknown}


   Skills:
 - Level 8.0(13.0) Fighting
 - Level 15.0(20.0) Maces & Flails
 - Level 1.7(6.7) Dodging
 - Level 3.7(8.7) Stealth
 - Level 3.0(8.0) Shields
 + Level 10.3 Invocations
 - Level 2.0 Evocations


You had 10 spell levels left.
You didn't know any spells.
Your spell library contained the following spells:

 Spells                   Type           Power      Damage    Failure   Level
 Freeze                   Ice            0%         1d3       34%         1
 Static Discharge         Conj/Air       0%         2-2/arc   47%         2
 Frozen Ramparts          Ice            0%         1d1       71%         3
 Hailstorm                Conj/Ice       0%         3d3       71%         3
 Portal Projectile        Hex/Tloc       0%         N/A       71%         3
 Airstrike                Air            0%         2d(0-16)  98%         4
 Iskenderun's Mystic Bla  Conj/Tloc      0%         2d3       98%         4
 Tukima's Dance           Hex            Unusable   N/A       N/A         3
 Summon Lightning Spire   Summ/Air       Unusable   N/A       N/A         4

Dungeon Overview and Level Annotations

Branches:
Dungeon (8/15)             Temple (1/1) D:6          Bailey (visited)
   Lair: D:8-11

Altars:
Ashenzari
Cheibriados
Dithmenos
Elyvilon
Gozag
Hepliaklqana
Kikubaaqudgha
Makhleb
Nemelex Xobeh
Okawaru
Qazlal
Ru
Sif Muna
Trog
Uskayaw
Vehumet
Wu Jian
Xom
Yredelemnul
Zin
The Shining One

Shops:
D:4 !   D:5 :

Annotations:
D:8 Psyche


Innate Abilities, Weirdness & Mutations

You are too large for most types of armour.
You have tough skin. (AC +1)


Message History

Okawaru accepts your kill.
Training target 10.0 for Invocations reached!
Your Invocations skill increases to level 10!
You need to enable at least one skill for training.
You barely miss the tentacled monstrosity.
The tentacled monstrosity tentacle-slaps you!
* * * LOW HITPOINT WARNING * * *
The tentacled monstrosity misses you.
The tentacled monstrosity tentacle-slaps you!
* * * LOW HITPOINT WARNING * * *
The tentacled monstrosity grabs you.
The tentacled monstrosity constricts you!
* * * LOW HITPOINT WARNING * * *
You puncture the tentacled monstrosity!
The tentacled monstrosity is lightly wounded.
You bludgeon the tentacled monstrosity!!
You burn the tentacled monstrosity.
The tentacled monstrosity is moderately wounded.
The tentacled monstrosity tentacle-slaps you!
* * * LOW HITPOINT WARNING * * *
The tentacled monstrosity tentacle-slaps you!
* * * LOW HITPOINT WARNING * * *
The tentacled monstrosity closely misses you.
The tentacled monstrosity constricts you.
* * * LOW HITPOINT WARNING * * *
You sock the tentacled monstrosity! You burn the tentacled monstrosity.
The tentacled monstrosity is moderately wounded.
The tentacled monstrosity tentacle-slaps you!
* * * LOW HITPOINT WARNING * * *
The tentacled monstrosity tentacle-slaps you but does no damage.
The tentacled monstrosity tentacle-slaps you!
* * * LOW HITPOINT WARNING * * *
The tentacled monstrosity constricts you!
* * * LOW HITPOINT WARNING * * *
You barely miss the tentacled monstrosity.
The tentacled monstrosity is moderately wounded.
The tentacled monstrosity completely misses you.
The tentacled monstrosity closely misses you. x2
The tentacled monstrosity constricts you.
You die...

.# # . ..# .
2# . # #.##.
# ..# #....
###..#
#....###...#
# ..#@#. #
#.X..##
#..#### #._
... .....
...#...
#.#..#.
....#..


You could see a tentacled monstrosity.

Vanquished Creatures
  An orc high priest (Bailey)
  An orc knight (Bailey)
  Maurice (D:8)
  A hellion (Abyss:1)
  An unseen horror (D:7)
  A rime drake (D:8)
  A kobold demonologist (Bailey)
  An ancient zyme (Abyss:1)
  A hellwing (Abyss:1)
  A hornet (D:7)
  3 large abominations (Abyss:1)
  A steam dragon (D:8)
  Grum (D:8)
  2 water moccasins (D:8)
  6 ice beasts (D:8)
  6 orc warriors (Bailey)
  3 ogres
  7 wolves (D:8)
  2 centaurs
  A phantom (D:3)
  2 bullfrogs
  3 scorpions (D:5)
  A gnoll sergeant (D:7)
  5 killer bees (D:7)
  3 howler monkeys (D:7)
  3 electric eels (Bailey)
  4 hounds
  6 orc priests
  A gnoll bouda (D:6)
  A sleepcap (D:6)
  5 iguanas
  4 orc wizards
  A mummy (D:7)
  4 adders
  11 gnolls
  A shadow imp (D:5)
  2 white imps
  An ufetubus (Abyss:1)
  A dart slug (D:1)
  44 orcs
  3 endoplasms
  2 giant cockroaches
  14 goblins
  10 hobgoblins
  6 jackals
  11 kobolds
  4 quokkas
  5 ball pythons
  3 bats
  5 frilled lizards
  A hobgoblin zombie (D:7)
  A kobold zombie (D:7)
  9 rats
219 creatures vanquished.

Notes
Turn   | Place    | Note
-------+----------+-------------------------------------------
     0 | D:5      | GordonOverkill the Ogre Delver began the quest for the Orb.
     0 | D:5      | Reached XP level 1. HP: 24/24 MP: 1/1
     4 | D:6      | Noticed an orc priest
    16 | D:5      | Reached skill level 2 in Maces & Flails
    17 | D:5      | Noticed an iguana
    26 | D:5      | Noticed a bullfrog
    26 | D:5      | Noticed a scorpion
    69 | D:5      | Found Xyscheme's Book Shoppe.
    77 | D:5      | Killed a bullfrog
    78 | D:5      | Reached skill level 3 in Maces & Flails
    78 | D:5      | Reached XP level 2. HP: 8/32 MP: 2/2
    78 | D:5      | Reached XP level 3. HP: 10/39 MP: 3/3
    78 | D:5      | Reached XP level 4. HP: 12/48 MP: 4/4
   370 | D:1      | Reached skill level 4 in Maces & Flails
  1964 | D:3      | Reached XP level 5. HP: 42/54 MP: 5/5
  2008 | D:3      | Noticed a phantom
  2377 | D:3      | Reached skill level 5 in Maces & Flails
  2617 | D:5      | Reached XP level 6. HP: 47/62 MP: 6/6
  2989 | D:4      | Reached skill level 6 in Maces & Flails
  3022 | D:4      | Found Unesuwk's Distillery.
  3042 | D:4      | Bought a potion of curing for 30 gold pieces
  3042 | D:4      | Bought a potion of heal wounds for 50 gold pieces
  3305 | D:5      | Reached XP level 7. HP: 31/70 MP: 7/7
  3583 | D:4      | Reached skill level 7 in Maces & Flails
  3931 | D:5      | Reached skill level 8 in Maces & Flails
  3946 | D:5      | Reached XP level 8. HP: 51/78 MP: 8/8
  4471 | D:5      | Reached skill level 1 in Evocations
  4981 | D:6      | Found a staircase to the Ecumenical Temple.
  5001 | D:6      | Reached skill level 5 in Fighting
  5009 | Temple   | Entered the Ecumenical Temple
  5030 | Temple   | Became a worshipper of Warmaster Okawaru
  5058 | D:6      | Found the +13 scythe of Curses {drain, curses, Drain}
  5862 | D:7      | Found a flagged portal.
  5872 | Bailey   | Entered a bailey
  5947 | Bailey   | Noticed a kobold demonologist
  5960 | Bailey   | Killed a kobold demonologist
  5960 | Bailey   | Reached * piety under Okawaru
  5961 | Bailey   | Reached XP level 9. HP: 91/96 MP: 9/9
  5985 | Bailey   | Noticed an orc knight
  6001 | Bailey   | Killed an orc knight
  6002 | Bailey   | Reached skill level 9 in Maces & Flails
  6071 | Bailey   | Reached ** piety under Okawaru
  6089 | Bailey   | Found an iron altar of Okawaru.
  6104 | Bailey   | Noticed an orc high priest
  6194 | Bailey   | Killed an orc high priest
  6195 | Bailey   | Reached skill level 10 in Maces & Flails
  6294 | Bailey   | Reached skill level 14 in Maces & Flails
  6294 | Bailey   | Reached XP level 10. HP: 104/104 MP: 10/10
  6369 | Bailey   | Acquired a manual of Invocations
  6524 | D:7      | Reached *** piety under Okawaru
  6525 | D:7      | Reached XP level 11. HP: 111/111 MP: 11/11
  7295 | D:8      | Noticed Maurice
  7428 | D:8      | Killed Maurice
  7544 | D:8      | Noticed Grum
  7564 | D:8      | Reached skill level 15 in Maces & Flails
  7564 | D:8      | Reached skill level 1 in Invocations
  7579 | D:8      | Reached **** piety under Okawaru
  7666 | D:8      | Reached skill level 5 in Invocations
  7708 | D:8      | Noticed Psyche
  7757 | D:8      | Killed Grum
  7770 | Abyss:1  | Cast into level 1 of the Abyss (Psyche)
  7881 | Abyss:1  | Noticed a large abomination
  7889 | Abyss:1  | Killed a large abomination
  7915 | Abyss:1  | Noticed a tentacled starspawn
  8019 | Abyss:1  | Noticed a large abomination
  8022 | Abyss:1  | Found a corrupted altar of Lugonu.
  8027 | Abyss:1  | Killed a large abomination
  8049 | Abyss:1  | Noticed a tentacled monstrosity
  8051 | Abyss:1  | Found a corrupted altar of Lugonu.
  8051 | Abyss:1  | Noticed a balrug
  8055 | Abyss:1  | Found a corrupted altar of Lugonu.
  8062 | Abyss:1  | Reached skill level 10 in Invocations
  8065 | Abyss:1  | HP: 4/111 [constriction (7)]
  8066 | Abyss:1  | Constricted to death by a tentacled monstrosity

Illustrated notes

Levels and vault maps discovered:
D:1:      beargit_arrival_greenhouse, layout_rooms, minmay_stone_trees_small,
          st_stairs_13
D:2:      layout_loops_ring, minmay_close_crescents
D:3:      minmay_angry_zag, layout_basic, hangedman_abyss_or_decor_stabs,
          cheibrodos_gnoll_hut
D:4:      layout_gridville, serial_shops, shop_fountains
D:5:      layout_basic, serial_shops, nicolae_book_shop_shelving, st_stairs_11
D:6:      layout_basic, minmay_temple_entry_hall, bh_walls_and_bars
D:7:      layout_loops_ring, nicolae_ossuary_entry_giza, enter_bailey_3
D:8:      layout_loops_corners, hellmonk_lair_entry_icy, uniq_psyche, uniq_grum,
          uniq_maurice
Temple:   roderic_octagonal_lattice_temple
Abyss:1:  base: D:2, hangedman_abyss_or_decor_slice, evilmike_abyss_exit_13

Skill      XL: |  1  2  3  4  5  6  7  8  9 10 11 |
---------------+----------------------------------+-----
Maces & Flails | 3 4 5 6 8 14 15 | 15.0
Shields        | 2 3 |  3.0
Evocations     | 2 |  2.0
Fighting       | 8 |  8.0
Invocations    | 10 | 10.3
Dodging        | |  1.7
Stealth        | |  3.7

Action                     |  1- 3 |  4- 6 |  7- 9 | 10-12 || total
---------------------------+-------+-------+-------+-------++-------
  Melee: Mace              |    11 |   142 |       |       ||   153
         War axe           |       |    53 |       |       ||    53
         Flail             |       |     2 |    85 |       ||    87
         Giant spiked club |       |       |   121 |   215 ||   336
         Unarmed           |       |       |     8 |       ||     8
  Throw: Dart              |       |     3 |       |       ||     3
 Invoke: Heroism           |       |       |       |     5 ||     5
  Evoke: Wand              |     3 |       |       |     4 ||     7
    Use: Scroll            |     2 |     5 |     8 |     4 ||    19
         Potion            |     1 |       |     4 |       ||     5
   Stab: Sleeping          |       |     8 |     2 |     2 ||    12
         Distracted        |       |     1 |       |     1 ||     2
 Armour: Robe              |    12 |   128 |   117 |   136 ||   393
  Dodge: Dodged            |     5 |   146 |   133 |   134 ||   418
  Block: Kite shield       |       |    75 |    34 |       ||   109

Table legend: (Time is in decaauts)
 A = Elapsed time spent in this place.
 B = Non-inter-level travel time spent in this place.
 C = Inter-level travel time spent in this place.
 D = Time resting spent in this place.
 E = Time spent auto-exploring this place.
 F = Levels seen in this place.
 G = Mean time per level.
                   A        B        C        D        E       F      G
               +--------+--------+--------+--------+--------+-----+--------+
         Total |   8268 |   7822 |    446 |   1224 |   4019 |  11 |  751.6 |
       Dungeon |   7326 |   6920 |    406 |   1079 |   3970 |   8 |  915.8 |
        Temple |     42 |      2 |     40 |      0 |      0 |   1 |   42.0 |
         Abyss |    293 |    293 |      0 |     41 |      0 |   1 |  293.0 |
        Bailey |    606 |    606 |      0 |    104 |     49 |   1 |  606.0 |
               +--------+--------+--------+--------+--------+-----+--------+

Top non-repeatable levels by time:
     D:5: 1690 daAuts
     D:3: 1174 daAuts
     D:6: 967 daAuts
     D:7: 844 daAuts
     D:4: 807 daAuts
     D:2: 645 daAuts
     D:1: 637 daAuts
  Bailey: 606 daAuts
     D:8: 558 daAuts
 Abyss:1: 293 daAuts
  Temple: 42 daAuts
